 Dungeon Crawl Stone Soup version 0.19-a0-1654-g9d3f708 (webtiles) character file.

5555 Amnesiac the Prestidigitator (level 11, 26/60 HPs)
             Began as a Kobold Artificer on Sept 20, 2016.
             Was an Initiate of Gozag.
             Starved to death
             ... on level 9 of the Dungeon.
             The game lasted 00:20:31 (9140 turns).

Amnesiac the Prestidigitator (Kobold Artificer)     Turns: 9140, Time: 00:20:31

Health: 26/60      AC: 14    Str: 13    XL:     11   Next: 2%
Magic:  18/18      EV: 13    Int: 16    God:    Gozag
Gold:   928        SH:  4    Dex: 16    Spells: 0 memorised, 10 levels left

rFire  . . .     SeeInvis .     k - +1 dagger (venom)
rCold  . . .     Gourm    .     l - +0 chain mail
rNeg   . . .     Faith    .     (shield restricted)
rPois  .         Spirit   .     p - +0 helmet
rElec  .         Dismiss  .     f - +0 cloak
rCorr  .         Reflect  .     (no gloves)
MR     .....     Harm     .     (no boots)
Stlth  ..........               (no amulet)
                                (no ring)
                                v - +4 ring of intelligence

@: gold aura, fainting
A: large bone plates 1, carnivore 3
a: Potion Petition, Call Merchant, Bribe Branch, Renounce Religion


You were on level 9 of the Dungeon.
You worshipped Gozag.
Gozag was pleased with you.
You were fainting.

You visited 2 branches of the dungeon, and saw 11 of its levels.

You collected 1030 gold pieces.
You paid 102 gold pieces to Gozag.

Inventory:

Hand Weapons
 g - a +0 great sword
 k - a +1 dagger of venom (weapon)
Armour
 f - a +0 cloak (worn)
 l - a +0 chain mail (worn)
 p - a +0 helmet (worn)
Jewellery
 a - an uncursed ring of ice
 v - a +4 ring of intelligence (left hand)
Wands
 b - a wand of lightning (5/15)
 c - a wand of flame (0/48)
 d - a wand of enslavement (12/24)
 e - a wand of random effects (11/48)
 s - a wand of random effects (38/48)
 t - a wand of lightning (6/15)
 u - a wand of random effects (27/48)
 G - a wand of heal wounds (0/9)
Scrolls
 h - 3 scrolls of recharging
 i - a scroll of blinking {unknown}
 j - 4 scrolls of remove curse
 n - a scroll of fear
 o - 2 scrolls of torment {unknown}
 q - a scroll of random uselessness {unknown}
 w - a scroll of enchant weapon {unknown}
 y - 3 scrolls of magic mapping
 z - 2 scrolls of identify {unknown}
 A - 3 scrolls of fog {unknown}
 C - a scroll of immolation {unknown}
 D - a scroll of amnesia {unknown}
 E - a scroll of enchant armour {unknown}
Potions
 m - a potion of might
 r - a potion of heal wounds
 x - 2 potions of cure mutation {unknown}
 B - a potion of resistance {unknown}
 F - a potion of curing


   Skills:
 - Level 3.0 Fighting
 - Level 4.0 Short Blades
 - Level 9.0 Armour
 + Level 9.1 Dodging
 - Level 1.3 Stealth
 - Level 10.0 Evocations


You had 10 spell levels left.
You didn't know any spells.

Dungeon Overview and Level Annotations

Branches:
Dungeon (10/15)            Temple (1/1) D:6
   Lair: D:8-11         Orc: D:9-12

Altars:
Ashenzari
Cheibriados
Dithmenos
Elyvilon
Fedhas
Gozag
Hepliaklqana
Kikubaaqudgha
Makhleb
Nemelex Xobeh
Qazlal
Ru
Sif Muna
Trog
Uskayaw
Vehumet
Xom
Yredelemnul
The Shining One
Beogh

Shops:
D:4 (

Annotations:
D:8 Maurice


Innate Abilities, Weirdness & Mutations

You are small and have problems with some larger weapons.
You are carnivorous and can eat meat at any time.
You are partially covered in large bone plates. (SH +4)


Message History

Anything else - Cancel.
Gang up on whom?
Press: ? - help, Dir - move target cursor, f - yak, p - bullfrog zombie
Aim: a yak (severely wounded, poisoned) Attack!
Your bullfrog zombie hits the yak.
The yak closely misses your bullfrog zombie.
Your bullfrog zombie hits the yak!
The yak gores your bullfrog zombie.
Your bullfrog zombie hits the yak but does no damage.
You kill the yak!
Your Dodging skill increases to level 9!
You swap places.
There is an open door here.
You now have 928 gold pieces (gained 22).
You need to eat something NOW!
You need to eat something NOW!
You see here a rapier.
You have starved to death.
You die...
Your body crumbles into a pile of gold.

#........... #.........#
#.........# .... #.........#
...... #...>.....# .....?
#.........# ......
#.........# ......
####.........#####.....
#..........@.......#########
#..........#####...#.......#
#.........Z#...#...#.......#
#..........#...#..Y#........
#..........+...##'##........
#.............$.............
####.......+########'.......
#.......#........#.......
#.......#.+####'.#.......


You could see a friendly bullfrog zombie.

Vanquished Creatures
  A hippogriff (D:8)
  A spriggan (D:7)
  9 yaks
  A hungry ghost (D:7)
  A water moccasin (D:8)
  4 ice beasts
  2 sky beasts
  A phantom (D:9)
  2 ogres (D:8)
  3 centaurs
  The ghost of Bronet the Insei, an amateur OpTm (D:3)
  6 bullfrogs
  A gnoll sergeant (D:5)
  5 scorpions
  12 killer bees
  5 howler monkeys
  5 crimson imps
  A centaur zombie (D:7)
  5 hounds
  A jelly (D:5)
  8 orc priests
  A gnoll shaman (D:4)
  3 worker ants
  3 iguanas
  4 orc wizards
  A hound skeleton (D:5)
  8 adders
  14 gnolls
  2 adder skeletons
  4 worms
  4 leopard geckos
  13 orcs
  A ball python (D:4)
  5 giant cockroaches
  2 hobgoblins (D:3)
  3 jackals (D:5)
  3 quokkas
  7 bats
  3 frilled lizards
  2 goblins (D:1)
  3 kobolds
  A leopard gecko skeleton (D:4)
  A leopard gecko zombie (D:6)
  2 rats (D:1)
165 creatures vanquished.

Vanquished Creatures (collateral kills)
  A water moccasin skeleton (D:8)
  A gnoll shaman (D:8)
  A howler monkey zombie (D:8)
  2 gnolls (D:8)
5 creatures vanquished.

Vanquished Creatures (others)
  A water moccasin (D:8)
  A yak (D:9)
2 creatures vanquished.

Grand Total: 172 creatures vanquished

Notes
Turn   | Place    | Note
-------+----------+-------------------------------------------
     0 | D:1      | Amnesiac the Kobold Artificer began the quest for the Orb.
     0 | D:1      | Reached XP level 1. HP: 12/12 MP: 3/3
   167 | D:1      | Reached skill level 4 in Evocations
   282 | D:1      | Reached XP level 2. HP: 13/16 MP: 5/5
   381 | D:1      | You fall through a shaft!
   539 | D:4      | Reached XP level 3. HP: 16/22 MP: 6/6
   562 | D:4      | Found a basalt altar of Yredelemnul.
   578 | D:4      | Found a bloodstained altar of Trog.
   700 | D:4      | Reached XP level 4. HP: 28/28 MP: 7/7
   722 | D:4      | Reached XP level 5. HP: 24/32 MP: 8/8
   947 | D:4      | Found a deep blue altar of Sif Muna.
   962 | D:4      | Found a shattered altar of Ashenzari.
  1181 | D:4      | Found Reicap's Weapon Boutique.
  1225 | D:4      | Reached skill level 5 in Evocations
  1257 | D:3      | Noticed Bronet's ghost (amateur OpTm)
  1588 | D:3      | Killed Bronet's ghost
  1588 | D:3      | Reached skill level 6 in Evocations
  1588 | D:3      | Reached XP level 6. HP: 19/37 MP: 8/10
  1977 | D:5      | Entered Level 5 of the Dungeon
  2009 | D:5      | Reached skill level 7 in Evocations
  2009 | D:5      | Reached XP level 7. HP: 37/41 MP: 12/12
  2128 | D:5      | Reached skill level 8 in Evocations
  2339 | D:5      | Reached skill level 9 in Evocations
  2535 | D:5      | Reached XP level 8. HP: 44/46 MP: 13/15
  3147 | D:6      | Reached skill level 1 in Armour
  3147 | D:6      | Reached skill level 10 in Evocations
  3620 | D:6      | Found a staircase to the Ecumenical Temple.
  3627 | Temple   | Entered the Ecumenical Temple
  3632 | Temple   | Became a worshipper of Gozag Ym Sagoz the Greedy
  3667 | D:6      | Noticed a yak
  3667 | D:6      | Noticed a yak
  3667 | D:6      | Noticed a yak
  3667 | D:6      | Noticed a yak
  3668 | D:6      | Noticed a yak
  3672 | D:6      | Noticed a yak
  3691 | D:6      | Killed a yak
  3750 | D:6      | Killed a yak
  3753 | D:6      | Killed a yak
  3753 | D:6      | Reached XP level 9. HP: 27/50 MP: 16/16
  3800 | D:6      | Reached skill level 5 in Armour
  4616 | D:6      | Reached skill level 5 in Dodging
  5235 | D:7      | Gained mutation: You are partially covered in large bone plates. (SH +4) [potion of beneficial mutation]
  5235 | D:7      | HP: 3/75 [poisoned by a killer bee]
  5260 | D:7      | Reached XP level 10. HP: 14/56 MP: 17/17
  6295 | D:7      | Found a roughly hewn altar of Beogh.
  6751 | D:8      | HP: 2/56 [poisoned by a water moccasin]
  7596 | D:8      | Noticed Maurice
  8833 | D:10     | Entered Level 10 of the Dungeon
  9048 | D:9      | Paralysed by fainting for 5 turns
  9059 | D:9      | Reached XP level 11. HP: 19/60 MP: 18/18
  9069 | D:9      | Paralysed by fainting for 11 turns
  9087 | D:9      | Paralysed by fainting for 6 turns
  9140 | D:9      | Starved to death

Vault maps used:
D:1:      sevenhm_arrival_forest_fort_large_3
D:2:      uniq_terence
D:3:      nicolae_overflow_hidden_temple
D:4:      nicolae_overflow_quartered_altars, serial_shops, kennysheep_mini,
          first_bread, minmay_misc_feat_rows, minivault_1
D:7:      the_bakery, david_defended_altar_orc
D:8:      grunt_ministairs_4, uniq_maurice
D:9:      lair_0_dummy, minivault_11
D:10:     lightli_orcish_oven
Temple:   minmay_freezing_vapour_temple

Skill      XL: |  1  2  3  4  5  6  7  8  9 10 11 |
---------------+----------------------------------+-----
Evocations     | 4 6 7 9 10 | 10.0
Short Blades   | 2 3 4 |  4.0
Fighting       | 2 3 |  3.0
Armour         | 4 5 9 |  9.0
Dodging        | 8 9 |  9.1
Stealth        | |  1.3

Action                   |  1- 3 |  4- 6 |  7- 9 | 10-12 || total
-------------------------+-------+-------+-------+-------++-------
Melee: Short sword       |    18 |       |       |       ||    18
       Dagger            |    24 |   139 |   303 |   472 ||   938
Evoke: Wand              |       |     3 |    13 |    16 ||    32
  Use: Scroll            |       |     2 |     3 |     1 ||     6
       Potion            |       |       |     8 |     1 ||     9
 Stab: Sleeping          |     6 |       |       |       ||     6
       Distracted        |       |       |     1 |       ||     1
  Eat: Chunk             |     8 |     4 |     5 |       ||    17
       Meat ration       |       |       |     1 |       ||     1
       Pizza             |       |       |       |     1 ||     1
       Beef jerky        |       |       |       |     1 ||     1
Armor: Leather armour    |    10 |     4 |       |       ||    14
       Chain mail        |       |    53 |   141 |   189 ||   383
       Skin              |       |       |     1 |       ||     1
Dodge: Dodged            |    16 |    59 |   120 |   217 ||   412
Block: Other             |       |       |       |    67 ||    67
